 Dungeon Crawl Stone Soup version 0.17-a0-1-g1f4be75 (webtiles) character file.

108 vatarom the Skirmisher (level 4, -2/42 HPs)
             Began as a Draconian Transmuter on Mar 8, 2015.
             Killed from afar by an orc wizard (5 damage)
             ... with a magic dart
             ... on level 3 of the Dungeon.
             The game lasted 00:05:11 (2479 turns).

vatarom the Skirmisher (Draconian Transmuter)       Turns: 2479, Time: 00:05:12

Health: -2/42      AC:  5    Str: 13    XL:     4   Next: 58%
Magic:  5/7        EV: 12    Int: 13    God:
Gold:   84         SH:  0    Dex: 12    Spells: 3 memorised, 1 level left

rFire  . . .     SeeInvis .       - Unarmed
rCold  . . .     Clarity  .     (armour unavailable)
rNeg   + + .     SustAb   .     (no shield)
rPois  .         Gourm    .     (helmet restricted)
rElec  .         Spirit   .     (no cloak)
rCorr  .         Warding  +     (no gloves)
rMut   .         Stasis   .     (no boots)
MR     .....                    e - amulet of warding
Stlth  +.........               (no ring)
                                h - ring of positive energy

@: not resistant to hostile enchantments, very unstealthy
A: unfitting armour, cold-blooded, AC +5
a: no special abilities


You were on level 3 of the Dungeon.
You were hungry.

You visited 1 branch of the dungeon, and saw 3 of its levels.

You collected 84 gold pieces.

Inventory:

Missiles
 b - 36 arrows
Jewellery
 e - an amulet of warding (around neck)
 h - a ring of positive energy (left hand)
Scrolls
 c - 7 scrolls of identify
Books
 d - a book of Changes

   Spells                             Type                      Level
   a - Beastly Appendage              Transmutation                1
   b - Sticks to Snakes               Transmutation                2
   c - Spider Form                    Transmutation/Poison         3
   d - Ice Form                       Ice/Transmutation            4
   e - Blade Hands                    Transmutation                5
Comestibles
 a - 3 bread rations
 f - 2 beef jerkies
 g - a meat ration
 i - 2 chunks of flesh


   Skills:
 + Level 5.0 Fighting
 - Level 1.7 Dodging
 - Level 3.0 Unarmed Combat
 - Level 2.0 Spellcasting
 - Level 2.0 Transmutations


You had one spell level left.
You knew the following spells:

 Your Spells              Type           Power        Failure   Level  Hunger
a - Beastly Appendage     Trmt           #.....       12%         1    ##.....
b - Sticks to Snakes      Trmt           #.........   17%         2    ###....
c - Spider Form           Trmt/Pois      #.........   52%         3    ####...


Dungeon Overview and Level Annotations

Branches:
Dungeon (3/15)

Altars:
Elyvilon
Nemelex Xobeh
Okawaru
Zin
The Shining One

Annotations:
D:2 Sigmund


Innate Abilities, Weirdness & Mutations

Your plain brown scales are hard (AC +5).
Your body does not fit into most forms of armour.
Your cold-blooded metabolism reacts poorly to cold.


Message History

You hit the orc wizard.
You kill the orc wizard!
Your Fighting skill increases to level 5!
The orc hits you with a hand axe.
* * * LOW HITPOINT WARNING * * *
You barely miss the orc. The orc hits you with a hand axe.
* * * LOW HITPOINT WARNING * * *
You completely miss the orc wizard.
Your transformation has ended.
The orc wizard misses you.
Read which item? (? for menu, Esc to quit)
Okay, then.
You aren't carrying any potions.
Read which item? (? for menu, Esc to quit)
As you read the scroll labeled DETIKIR AMYFA, it crumbles to dust.
You feel blessed for a moment.
It was a scroll of remove curse.
The orc barely misses you.
The orc wizard points at you and mumbles some strange words.
The magic dart hits you!
You die...

##... #######.# ###.
#........############.
........?..............
.
#........#######.#####
..#........# #..#
...........# ##.#
#...o))..########.#
#...o@............#
#####..####.####..#
#..##.....##..#
#..#.......#..#
#..#.......#..#
#......_......#
#..#.......#..#
#..#.......#.##
#..##.....##.#


You could see an orc wizard and an orc.

Vanquished Creatures
  An orc wizard (D:3)
  4 adders
  A worm (D:3)
  2 giant geckos (D:1)
  An orc (D:3)
  7 goblins
  3 hobgoblins (D:2)
  4 jackals (D:3)
  5 kobolds
  A quokka (D:2)
  6 bats
  A giant cockroach (D:1)
  2 giant newts
  6 rats
44 creatures vanquished.

Notes
Turn   | Place    | Note
--------------------------------------------------------------
     0 | D:1      | vatarom, the Draconian Transmuter, began the quest for the Orb.
     0 | D:1      | Reached XP level 1. HP: 16/16 MP: 3/3
   359 | D:1      | Found a sparkling altar of Nemelex Xobeh.
   396 | D:1      | Reached XP level 2. HP: 24/24 MP: 4/4
   400 | D:1      | Learned a level 2 spell: Sticks to Snakes
  1234 | D:2      | Reached XP level 3. HP: 13/31 MP: 4/6
  1375 | D:2      | Noticed Sigmund
  1486 | D:2      | Learned a level 3 spell: Spider Form
  1695 | D:1      | Reached skill level 4 in Fighting
  2151 | D:2      | Found a glowing golden altar of the Shining One.
  2151 | D:2      | Found a white marble altar of Elyvilon.
  2152 | D:2      | Found a glowing silver altar of Zin.
  2343 | D:3      | Reached XP level 4. HP: 38/40 MP: 3/7
  2446 | D:3      | Found an iron altar of Okawaru.
  2476 | D:3      | Reached skill level 5 in Fighting
  2479 | D:3      | Killed from afar by an orc wizard

Action                   |  1- 3 |  4- 6 || total
-------------------------+-------+-------++-------
Melee: Unarmed           |   131 |    32 ||   163
 Cast: Beastly Appendage |     1 |       ||     1
       Sticks to Snakes  |     5 |       ||     5
       Spider Form       |     2 |     2 ||     4
 Abil: End Transformatio |     1 |       ||     1
  Use: Potion            |     4 |       ||     4
       Scroll            |     5 |     1 ||     6
 Stab: Sleeping          |     1 |       ||     1
  Eat: Bread ration      |     1 |       ||     1
       Chunk             |       |     1 ||     1
